Demolitions vs Knights

Created - 7 janvier 2016 at 19:08

Goals
1 2 3 T
Demolitions 0 4 2 6
Knights 1 1 0 2
Shots
1 2 3 T
Demolitions 6 13 12 31
Knights 7 18 12 37

1st period

1. Knights , Niklas Hjalmarsson 3 (Zack Hamill) at 18:51 (PP)

Penalties :
Tyler Seguin (Lon) for Slashing (Minor) at 5:04, Kevin Hayes (Lon) for Hooking (Minor) at 7:34, Nicolas Blanchard (Vic) for Tripping (Minor) at 10:41, Ryan Craig (Vic) for Interference (Minor) at 18:50

2nd period

2. Demolitions , T.J. Hensick 23 (Brad Richardson) at 2:47
3. Demolitions , T.J. Hensick 24 (Brad Richardson, Doug Janik) at 6:31 (PP)
4. Demolitions , Brad Richardson 26 (T.J. Hensick, Anton Babchuk) at 8:15
5. Demolitions , T.J. Hensick 25 (Brad Richardson, Anton Babchuk) at 9:50
6. Knights , Tomas Kundratek 3 (Joe Colborne) at 17:37

Penalties :
Tyler Seguin (Lon) for Hooking (Minor) at 1:14, Anton Babchuk (Vic) for Hooking (Minor) at 1:19, Anton Babchuk (Vic) for Holding Stick (Minor) at 4:20, Kevin Hayes (Lon) for Cross-checking (Minor) at 5:41, Jason Zucker (Lon) for Hooking (Minor) at 14:13

3rd period

7. Demolitions , Nigel Dawes 9 (T.J. Hensick, Brad Richardson) at 1:21
8. Demolitions , Doug Janik 6 (Anton Babchuk, Nigel Dawes) at 14:26 (PP)

Penalties :
Anton Babchuk (Vic) for Roughing (Minor) at 8:55, Anssi Salmela (Vic) for Goalie Interference (Minor) at 11:39, Nikita Nikitin (Lon) for Hooking (Minor) at 14:03, Joe Colborne (Lon) for Tripping (Minor) at 16:00

Goalie Stats

Brent Krahn (Vic), 35 saves from 37 shots - (0,946), W, 16-12-2, 60:00 minutes
Mark Dekanich (Lon), 16 saves from 19 shots - (0,842), 31:45 minutes
Jacob Markstrom (Lon), 9 saves from 12 shots - (0,750), L, 19-12-0, 28:15 minutes

Players Stats for Demolitions

Player Name              G  A  P  +/- PIM S  H  SB GA TA FO     MP     PP MP  PK MP  
------------------------------------------------------------------------------------
Alex Hutchings           0  0  0   0  0   0  0  0  0  0  0/0     1:24   0:00   1:22 
Anssi Salmela            0  0  0   0  2   1  1  0  1  2  0/0    20:18   3:07   2:21 
Anthony Stewart          0  0  0   0  0   2  6  0  1  0  0/1    18:03   3:48   1:57 
Anton Babchuk            0  3  3   2  6   3  1  1  1  2  0/0    22:40   5:28   2:09 
Bobby Butler             0  0  0   0  0   1  2  1  1  0  0/0    15:40   3:48   0:00 
Brad Richardson          1  4  5   4  0   1  2  2  0  0  7/14   25:42   4:41   4:02 
Chris Wideman            0  0  0   0  0   1  0  0  0  1  0/0    11:55   0:00   2:37 
Corban Knight            0  0  0   0  0   0  0  0  0  0  0/0     0:09   0:00   0:07 
Darren Helm              0  0  0  -1  0   1  2  1  0  0  3/5     8:57   0:07   0:00 
Doug Janik               1  1  2   3  0   6  2  4  1  2  0/0    29:16   5:29   4:06 
Josh Beaulieu            0  0  0   0  0   0  1  0  0  0  0/0     5:51   0:00   0:00 
Konstantin Pushkarev     0  0  0   0  0   1  2  0  0  0  0/0     7:25   0:07   1:23 
Masi Marjamaki           0  0  0   0  0   0  0  0  0  0  0/0     0:00   0:00   0:00 
Nicolas Blanchard        0  0  0   0  2   0  1  0  0  0  0/2     5:51   0:00   0:00 
Nigel Dawes              1  1  2   3  0   2  0  0  0  1  0/0    19:04   4:29   0:00 
Robert Bortuzzo          0  0  0   1  0   0  1  1  0  1  0/0    11:58   0:12   0:05 
Robert Klinkhammer       0  0  0  -1  0   1  1  1  0  1  0/0     8:46   0:00   0:00 
Ryan Craig               0  0  0   0  2   1  1  0  1  1  11/15  18:02   3:48   1:57 
Seth Helgeson            0  0  0   0  0   2  0  5  0  1  0/0    20:58   3:07   3:17 
Spencer Machacek         0  0  0  -1  0   1  1  0  0  0  0/0     8:57   0:07   0:00 
T.J. Hensick             3  2  5   4  0   7  3  0  1  1  11/32  25:40   4:41   4:00 
Taylor Aronson           0  0  0   0  0   0  0  0  0  0  0/0     3:22   0:00   0:13 
Tom Kuhnhackl            0  0  0   0  0   0  0  0  0  0  0/0     0:00   0:00   0:00 
Vince Rocco              0  0  0   0  0   0  0  0  0  0  0/0     0:00   0:00   0:00 

Players Stats for Knights

Player Name              G  A  P  +/- PIM S  H  SB GA TA FO     MP     PP MP  PK MP  
------------------------------------------------------------------------------------
Aaron Palushaj           0  0  0   0  0   0  0  0  0  1  0/0     8:04   0:00   0:00 
Alex Chiasson            0  0  0  -2  0   5  0  0  0  2  0/1    19:25   3:48   0:12 
Chris Thorburn           0  0  0  -2  0   1  2  1  1  0  1/3    13:48   0:01   0:00 
Garnet Exelby            0  0  0  -1  0   2  1  3  0  0  0/0    18:50   4:19   3:32 
James Wright             0  0  0   0  0   2  0  0  1  0  6/13   14:05   0:13   4:41 
Jason Chimera            0  0  0  -2  0   4  1  0  1  0  0/1    19:00   3:35   2:32 
Jason Zucker             0  0  0   0  2   1  2  0  0  0  0/1    11:28   3:43   0:00 
Joe Colborne             0  1  1   1  2   1  0  0  0  0  1/1     8:58   0:00   2:00 
Kevin Hayes              0  0  0   1  4   0  1  0  0  0  0/0     9:47   3:34   0:00 
Magnus Paajarvi-Svensson 0  0  0   1  0   2  1  0  1  0  1/1     7:50   0:00   0:57 
Michael Raffl            0  0  0  -1  0   1  2  0  1  1  2/2    17:49   0:00   4:49 
Michael Stone            0  0  0  -1  0   1  1  1  0  1  0/0    15:41   0:00   0:00 
Nikita Nikitin           0  0  0   0  2   2  0  0  2  1  0/0    15:49   3:00   0:00 
Niklas Hjalmarsson       1  0  1  -2  0   4  2  3  1  0  0/0    30:12   4:24   5:04 
Tomas Kundratek          1  0  1   0  0   1  0  0  2  0  0/0    21:21   3:00   3:32 
Tyler Seguin             0  0  0  -2  4   5  1  0  0  1  11/17  16:55   3:40   0:37 
Zack Hamill              0  1  1  -2  0   5  2  0  2  0  15/29  21:37   3:37   1:24 
Zbynek Michalek          0  0  0  -2  0   0  2  2  1  0  0/0    18:06   0:05   5:04 

3 Stars

1 - T.J. Hensick (Vic)
2 - Brad Richardson (Vic)
3 - Doug Janik (Vic)

Power Play

Demolitions - 2 on 7 Attempt(s) - 28,57%
Knights - 1 on 6 Attempt(s) - 16,67%

Penalty Kill

Demolitions - 5 on 6 Attempt(s) - 83,33% - Score 0 goal in Penalty Kill
Knights - 5 on 7 Attempt(s) - 71,43% - Score 0 goal in Penalty Kill

Team Stat

Demolitions - Hits : 27 - Faceoff Wins : 32 - Blocked Shots : 16 - Penalty Minutes : 12
Knights - Hits : 18 - Faceoff Wins : 37 - Blocked Shots : 10 - Penalty Minutes : 14

Official

Referees : Banfield David and VanMassenhoven Don
Linesman : Brian Murphy and Derek Amell

Game Notes

Mark Dekanich enters game at 8:15 of 2nd period
T.J. Hensick has scored a Hat Trick!

Finance

Level 1 -- Attendance: 1546 (77,30%) -- Ticket Income 54 110 $
Level 2 -- Attendance: 816 (81,60%) -- Ticket Income 16 320 $
Total Attendance: 2362 (78,73%)
Total Ticket Income: 70 430 $
Other Income: 3 522 $
Total Income: 73 952 $

Demolitions

5 vs 5 Forward 
   Center                   Left Wing                Right Wing               Time % Phy DF OF 
 1 T.J. Hensick             Nigel Dawes              Brad Richardson          40     1   2  2  
 2 Ryan Craig               Bobby Butler             Anthony Stewart          30     1   2  2  
 3 Darren Helm              Robert Klinkhammer       Spencer Machacek         20     1   2  2  
 4 Nicolas Blanchard        Josh Beaulieu            Konstantin Pushkarev     10     1   2  2  

5 vs 5 Defense 
   Defense                  Defense                                           Time % Phy DF OF 
 1 Doug Janik               Anton Babchuk                                     40     1   2  2  
 2 Anssi Salmela            Seth Helgeson                                     30     1   2  2  
 3 Robert Bortuzzo          Chris Wideman                                     20     1   2  2  
 4 Taylor Aronson           Doug Janik                                        10     1   2  2  

PowerPlay Forward 
   Center                   Left Wing                Right Wing               Time % Phy DF OF 
 1 T.J. Hensick             Nigel Dawes              Brad Richardson          60     1   2  2  
 2 Ryan Craig               Bobby Butler             Anthony Stewart          40     1   2  2  

PowerPlay Defense
   Defense                  Defense                                           Time % Phy DF OF 
 1 Doug Janik               Anton Babchuk                                     60     1   2  2  
 2 Anssi Salmela            Seth Helgeson                                     40     1   2  2  

Penalty Kill 4 Players Forward 
   Center                   Wing                     Time % Phy DF OF 
 1 Brad Richardson          T.J. Hensick             60     1   2  2  
 2 Ryan Craig               Anthony Stewart          40     1   2  2  

Penalty Kill 4 Players Defense
   Defense                  Defense                  Time % Phy DF OF 
 1 Doug Janik               Anton Babchuk            60     1   2  2  
 2 Anssi Salmela            Seth Helgeson            40     1   2  2  

Penalty Kill - 3 Players Forward 
   Forward                                           Time % Phy DF OF 
 1 Brad Richardson                                   60     1   2  2  
 2 T.J. Hensick                                      40     1   2  2  

Penalty Kill - 3 Players Defense
   Defense                  Defense                  Time % Phy DF OF 
 1 Doug Janik               Anton Babchuk            60     1   2  2  
 2 Anssi Salmela            Seth Helgeson            40     1   2  2  

4 vs 4 Forward 
   Center                   Wing                     Time % Phy DF OF 
 1 Brad Richardson          T.J. Hensick             60     1   2  2  
 2 Ryan Craig               Anthony Stewart          40     1   2  2  

4 vs 4 Defense
   Defense                  Defense                  Time % Phy DF OF 
 1 Doug Janik               Anton Babchuk            60     1   2  2  
 2 Anssi Salmela            Seth Helgeson            40     1   2  2  

Last Minutes Offensive
   Center                   Left Wing                Right Wing               Defense                  Defense                  
   T.J. Hensick             Nigel Dawes              Brad Richardson          Doug Janik               Anton Babchuk            

Last Minutes Defensive
   Center                   Left Wing                Right Wing               Defense                  Defense                  
   T.J. Hensick             Nigel Dawes              Brad Richardson          Doug Janik               Anton Babchuk            

Goaltenders
Starting : Brent Krahn              
Backup : Jeff Frazee              

Extra Forwards
Normal : Darren Helm, Spencer Machacek, Konstantin Pushkarev - PP : Darren Helm, Spencer Machacek - PK : Konstantin Pushkarev
Extra Defensemen
Normal : Robert Bortuzzo, Chris Wideman, Taylor Aronson - PP : Robert Bortuzzo - PK : Chris Wideman, Taylor Aronson
Penalty Shots
Brad Richardson, T.J. Hensick, Ryan Craig, Anthony Stewart, Nigel Dawes

Knights

5 vs 5 Forward 
   Center                   Left Wing                Right Wing               Time % Phy DF OF 
 1 Zack Hamill              Michael Raffl            Alex Chiasson            36     1   2  2  
 2 Tyler Seguin             Jason Chimera            Chris Thorburn           34     1   2  2  
 3 James Wright             Jason Zucker             Aaron Palushaj           20     1   2  2  
 4 Joe Colborne             Magnus Paajarvi-Svensson Kevin Hayes              10     1   2  2  

5 vs 5 Defense 
   Defense                  Defense                                           Time % Phy DF OF 
 1 Niklas Hjalmarsson       Michael Stone                                     40     1   2  2  
 2 Tomas Kundratek          Nikita Nikitin                                    30     1   2  2  
 3 Zbynek Michalek          Garnet Exelby                                     20     1   2  2  
 4 Niklas Hjalmarsson       Tomas Kundratek                                   10     1   2  2  

PowerPlay Forward 
   Center                   Left Wing                Right Wing               Time % Phy DF OF 
 1 Zack Hamill              Jason Zucker             Alex Chiasson            60     0   0  5  
 2 Tyler Seguin             Jason Chimera            Kevin Hayes              40     0   0  5  

PowerPlay Defense
   Defense                  Defense                                           Time % Phy DF OF 
 1 Garnet Exelby            Niklas Hjalmarsson                                60     1   1  3  
 2 Nikita Nikitin           Tomas Kundratek                                   40     1   1  3  

Penalty Kill 4 Players Forward 
   Center                   Wing                     Time % Phy DF OF 
 1 James Wright             Michael Raffl            60     0   4  1  
 2 Joe Colborne             Jason Chimera            40     0   4  1  

Penalty Kill 4 Players Defense
   Defense                  Defense                  Time % Phy DF OF 
 1 Niklas Hjalmarsson       Zbynek Michalek          60     1   4  0  
 2 Tomas Kundratek          Garnet Exelby            40     1   4  0  

Penalty Kill - 3 Players Forward 
   Forward                                           Time % Phy DF OF 
 1 James Wright                                      60     0   4  1  
 2 Joe Colborne                                      40     0   4  1  

Penalty Kill - 3 Players Defense
   Defense                  Defense                  Time % Phy DF OF 
 1 Niklas Hjalmarsson       Nikita Nikitin           60     1   4  0  
 2 Garnet Exelby            Tomas Kundratek          40     1   4  0  

4 vs 4 Forward 
   Center                   Wing                     Time % Phy DF OF 
 1 Zack Hamill              Alex Chiasson            60     0   1  4  
 2 Tyler Seguin             Chris Thorburn           40     0   1  4  

4 vs 4 Defense
   Defense                  Defense                  Time % Phy DF OF 
 1 Zbynek Michalek          Niklas Hjalmarsson       60     1   2  2  
 2 Tomas Kundratek          Garnet Exelby            40     1   2  2  

Last Minutes Offensive
   Center                   Left Wing                Right Wing               Defense                  Defense                  
   Zack Hamill              Tyler Seguin             Chris Thorburn           Niklas Hjalmarsson       Zbynek Michalek          

Last Minutes Defensive
   Center                   Left Wing                Right Wing               Defense                  Defense                  
   James Wright             Michael Raffl            Chris Thorburn           Niklas Hjalmarsson       Tomas Kundratek          

Goaltenders
Starting : Jacob Markstrom          
Backup : Mark Dekanich            

Extra Forwards
Normal : Tyler Seguin, Zack Hamill, James Wright - PP : James Wright, Zack Hamill - PK : Zack Hamill
Extra Defensemen
Normal : Niklas Hjalmarsson, Tomas Kundratek, Zbynek Michalek - PP : Tomas Kundratek - PK : Tomas Kundratek, Niklas Hjalmarsson
Penalty Shots
Joe Colborne, Tyler Seguin, Jason Chimera, James Wright, Zack Hamill

% Time on Ice - Demolitions

Lines # - Real PCT - Wanted PCT - Time Play
Normal Forward
1 - 36% - 40% - 14:56
2 - 29% - 30% - 11:55
3 - 21% - 20% - 8:46
4 - 14% - 10% - 5:51
Normal Defense
1 - 36% - 40% - 15:03
2 - 35% - 30% - 14:24
3 - 22% - 20% - 8:56
4 - 7% - 10% - 3:05
PP Forward
1 - 56% - 60% - 4:48
2 - 44% - 40% - 3:48
PP Defense
1 - 64% - 60% - 5:29
2 - 36% - 40% - 3:07
PK Forward
1 - 74% - 60% - 5:27
2 - 26% - 40% - 1:57
PK Defense
1 - 55% - 60% - 4:06
2 - 45% - 40% - 3:18
PK3 Forward
1 - 0% - 60%
2 - 0% - 40%
PK3 Defense
1 - 0% - 60%
2 - 0% - 40%
44 Forward
1 - 85% - 60% - 2:09
2 - 15% - 40% - 0:23
44 Defense
1 - 92% - 60% - 2:20
2 - 8% - 40% - 0:12
Last Minute Offensive  - 0:00
Last Minute Defensive  - 0:00
Total
Forward - 60:00
Defense - 60:00

% Time on Ice - Knights

Lines # - Real PCT - Wanted PCT - Time Play
Normal Forward
1 - 34% - 36% - 14:02
2 - 31% - 34% - 12:53
3 - 19% - 20% - 8:04
4 - 16% - 10% - 6:29
Normal Defense
1 - 43% - 40% - 17:42
2 - 31% - 30% - 12:56
3 - 22% - 20% - 9:11
4 - 4% - 10% - 1:39
PP Forward
1 - 52% - 60% - 3:49
2 - 48% - 40% - 3:35
PP Defense
1 - 59% - 60% - 4:24
2 - 41% - 40% - 3:00
PK Forward
1 - 71% - 60% - 6:04
2 - 29% - 40% - 2:32
PK Defense
1 - 59% - 60% - 5:04
2 - 41% - 40% - 3:32
PK3 Forward
1 - 0% - 60%
2 - 0% - 40%
PK3 Defense
1 - 0% - 60%
2 - 0% - 40%
44 Forward
1 - 86% - 60% - 2:10
2 - 14% - 40% - 0:22
44 Defense
1 - 91% - 60% - 2:18
2 - 9% - 40% - 0:14
Last Minute Offensive  - 0:00
Last Minute Defensive  - 0:00
Total
Forward - 60:00
Defense - 60:00

Play by Play

1st period


0:01 of 1st period - Zack Hamill wins face-off versus T.J. Hensick in neutral zone.
0:09 of 1st period - Slapshot by T.J. Hensick.
0:09 of 1st period - Shot Blocked by Michael Stone.
0:25 of 1st period - Bobby Butler is hit by Jason Chimera and loses puck.
0:32 of 1st period - Wrist shot by Jason Chimera.
0:32 of 1st period - Stopped by Brent Krahn with a rebound.
1:50 of 1st period - Zbynek Michalek is hit by Anthony Stewart and loses puck.
2:54 of 1st period - Snap shot by Alex Chiasson.
2:54 of 1st period - Stopped by Brent Krahn with a rebound.
2:56 of 1st period - Slapshot by Michael Stone.
2:56 of 1st period - Stopped by Brent Krahn without a rebound.
2:57 of 1st period - Zack Hamill wins face-off versus Ryan Craig in Demolitions zone.
3:06 of 1st period - Slapshot by Alex Chiasson.
3:06 of 1st period - Shot Blocked by Bobby Butler.
3:08 of 1st period - Snap shot by Alex Chiasson.
3:08 of 1st period - Shot Misses the Net.
3:14 of 1st period - Snap shot by Zack Hamill.
3:14 of 1st period - Stopped by Brent Krahn with a rebound.
3:16 of 1st period - Wrist shot by Zack Hamill.
3:16 of 1st period - Deflect By Anssi Salmela.
3:16 of 1st period - Shot Blocked by Seth Helgeson.
3:16 of 1st period - Puck is out of play.
3:17 of 1st period - Tyler Seguin wins face-off versus T.J. Hensick in Demolitions zone.
3:32 of 1st period - Wrist shot by Jason Chimera.
3:32 of 1st period - Shot Misses the Net.
3:46 of 1st period - Anthony Stewart is hit by Michael Stone and loses puck.
4:03 of 1st period - Wrist shot by James Wright.
4:03 of 1st period - Shot Blocked by Seth Helgeson.
5:04 of 1st period - Minor Penalty to Tyler Seguin for Slashing.
5:05 of 1st period - T.J. Hensick wins face-off versus James Wright in Knights zone.
5:12 of 1st period - Snap shot by T.J. Hensick.
5:12 of 1st period - Shot Blocked by Niklas Hjalmarsson.
5:14 of 1st period - Wrist shot by T.J. Hensick.
5:14 of 1st period - Shot Misses the Net.
5:16 of 1st period - Snap shot by Anton Babchuk.
5:16 of 1st period - Stopped by Jacob Markstrom without a rebound.
5:17 of 1st period - James Wright wins face-off versus T.J. Hensick in Knights zone.
5:28 of 1st period - Snap shot by James Wright.
5:28 of 1st period - Shot Misses the Net.
6:44 of 1st period - Zbynek Michalek is hit by Anthony Stewart and loses puck.
7:04 of 1st period - Penalty to Tyler Seguin is over, Tyler Seguin is back on ice.
7:34 of 1st period - Minor Penalty to Kevin Hayes for Hooking.
7:35 of 1st period - T.J. Hensick wins face-off versus James Wright in Knights zone.
8:09 of 1st period - Wrist shot by Anthony Stewart.
8:09 of 1st period - Deflect By Bobby Butler.
8:09 of 1st period - Stopped by Jacob Markstrom without a rebound.
8:10 of 1st period - James Wright wins face-off versus T.J. Hensick in Knights zone.
8:36 of 1st period - Garnet Exelby is hit by Anthony Stewart and loses puck.
9:34 of 1st period - Penalty to Kevin Hayes is over, Kevin Hayes is back on ice.
9:43 of 1st period - Spencer Machacek is hit by Michael Raffl and loses puck.
10:32 of 1st period - Off-side.
10:33 of 1st period - Zack Hamill wins face-off versus Nicolas Blanchard in neutral zone.
10:41 of 1st period - Minor Penalty to Nicolas Blanchard for Tripping.
10:42 of 1st period - Brad Richardson wins face-off versus Zack Hamill in Demolitions zone.
12:30 of 1st period - Doug Janik is hit by Garnet Exelby and loses puck.
12:37 of 1st period - Jason Chimera is hit by Anthony Stewart and loses puck.
12:41 of 1st period - Penalty to Nicolas Blanchard is over, Nicolas Blanchard is back on ice.
12:48 of 1st period - Backhand shot by Darren Helm.
12:48 of 1st period - Stopped by Jacob Markstrom with a rebound.
12:50 of 1st period - Slapshot by Chris Wideman.
12:50 of 1st period - Shot Misses the Net.
14:32 of 1st period - Nikita Nikitin is hit by Anssi Salmela.
14:47 of 1st period - Michael Stone is hit by Robert Klinkhammer.
16:14 of 1st period - Jason Zucker is hit by Konstantin Pushkarev.
17:15 of 1st period - Chris Thorburn is hit by Darren Helm and loses puck.
17:24 of 1st period - Snap shot by Robert Klinkhammer.
17:24 of 1st period - Shot Misses the Net.
17:26 of 1st period - Slapshot by Chris Wideman.
17:26 of 1st period - Deflect By Chris Thorburn.
17:26 of 1st period - Stopped by Jacob Markstrom without a rebound.
17:27 of 1st period - Zack Hamill wins face-off versus T.J. Hensick in Knights zone.
17:27 of 1st period - Zack Hamill is hit by T.J. Hensick.
17:33 of 1st period - Brad Richardson is hit by Niklas Hjalmarsson and loses puck.
18:07 of 1st period - Wrist shot by Nigel Dawes.
18:07 of 1st period - Shot Misses the Net.
18:15 of 1st period - Snap shot by T.J. Hensick.
18:15 of 1st period - Stopped by Jacob Markstrom with a rebound.
18:17 of 1st period - Slapshot by Seth Helgeson.
18:17 of 1st period - Stopped by Jacob Markstrom without a rebound.
18:18 of 1st period - Tyler Seguin wins face-off versus Anthony Stewart in Knights zone.
18:27 of 1st period - Wrist shot by Tyler Seguin.
18:27 of 1st period - Stopped by Brent Krahn without a rebound.
18:28 of 1st period - Tyler Seguin wins face-off versus Ryan Craig in Demolitions zone.
18:31 of 1st period - Wrist shot by Jason Chimera.
18:31 of 1st period - Stopped by Brent Krahn without a rebound.
18:32 of 1st period - Ryan Craig wins face-off versus Zack Hamill in Demolitions zone.
18:50 of 1st period - Minor Penalty to Ryan Craig for Interference.
18:51 of 1st period - Zack Hamill wins face-off versus Brad Richardson in Demolitions zone.
18:51 of 1st period - Slapshot by Niklas Hjalmarsson.
18:51 of 1st period - Goal by Niklas Hjalmarsson - Demolitions : 0 - Knights : 1.
18:52 of 1st period - T.J. Hensick wins face-off versus Chris Thorburn in neutral zone.
19:03 of 1st period - Snap shot by T.J. Hensick.
19:03 of 1st period - Shot Misses the Net.
19:09 of 1st period - Doug Janik is hit by Chris Thorburn.
19:41 of 1st period - Anton Babchuk is hit by Zbynek Michalek and loses puck.
Goals for this period are 0 for Demolitions vs 1 for Knights.
Shots for this period are 6 for Demolitions vs 7 for Knights.

2nd period


0:01 of 2nd period - T.J. Hensick wins face-off versus Tyler Seguin in neutral zone.
0:28 of 2nd period - Slapshot by Anthony Stewart.
0:28 of 2nd period - Shot Blocked by Niklas Hjalmarsson.
0:46 of 2nd period - Slapshot by Magnus Paajarvi-Svensson.
0:46 of 2nd period - Stopped by Brent Krahn without a rebound.
0:47 of 2nd period - Magnus Paajarvi-Svensson wins face-off versus T.J. Hensick in Demolitions zone.
0:50 of 2nd period - Snap shot by Joe Colborne.
0:50 of 2nd period - Stopped by Brent Krahn with a rebound.
0:52 of 2nd period - Snap shot by Tomas Kundratek.
0:52 of 2nd period - Shot Blocked by Brad Richardson.
0:54 of 2nd period - Wrist shot by Joe Colborne.
0:54 of 2nd period - Shot Blocked by Doug Janik.
0:56 of 2nd period - Snap shot by Magnus Paajarvi-Svensson.
0:56 of 2nd period - Stopped by Brent Krahn without a rebound.
0:57 of 2nd period - Tyler Seguin wins face-off versus T.J. Hensick in Demolitions zone.
0:58 of 2nd period - Snap shot by Chris Thorburn.
0:58 of 2nd period - Shot Misses the Net.
1:00 of 2nd period - Wrist shot by Jason Chimera.
1:00 of 2nd period - Stopped by Brent Krahn with a rebound.
1:02 of 2nd period - Wrist shot by Tyler Seguin.
1:02 of 2nd period - Stopped by Brent Krahn with a rebound.
1:04 of 2nd period - Slapshot by Niklas Hjalmarsson.
1:04 of 2nd period - Stopped by Brent Krahn without a rebound.
1:05 of 2nd period - T.J. Hensick wins face-off versus Tyler Seguin in Demolitions zone.
1:05 of 2nd period - T.J. Hensick is hit by Tyler Seguin.
1:14 of 2nd period - Minor Penalty to Tyler Seguin for Hooking.
1:15 of 2nd period - Michael Raffl wins face-off versus T.J. Hensick in Knights zone.
1:19 of 2nd period - Minor Penalty to Anton Babchuk for Hooking.
1:20 of 2nd period - Zack Hamill wins face-off versus Brad Richardson in Demolitions zone.
1:25 of 2nd period - Snap shot by Zack Hamill.
1:25 of 2nd period - Deflect By Alex Chiasson.
1:25 of 2nd period - Shot Blocked by Robert Bortuzzo.
1:25 of 2nd period - Puck is out of play.
1:26 of 2nd period - Brad Richardson wins face-off versus Zack Hamill in Demolitions zone.
1:39 of 2nd period - Off-side.
1:40 of 2nd period - Zack Hamill wins face-off versus Brad Richardson in neutral zone.
1:47 of 2nd period - Slapshot by Zack Hamill.
1:47 of 2nd period - Stopped by Brent Krahn with a rebound.
2:19 of 2nd period - Snap shot by James Wright.
2:19 of 2nd period - Deflect By Chris Thorburn.
2:19 of 2nd period - Shot Misses the Net.
2:19 of 2nd period - Puck is out of play.
2:20 of 2nd period - Ryan Craig wins face-off versus James Wright in Demolitions zone.
2:29 of 2nd period - Wrist shot by Anthony Stewart.
2:29 of 2nd period - Stopped by Jacob Markstrom with a rebound.
2:31 of 2nd period - Slapshot by Doug Janik.
2:31 of 2nd period - Shot Blocked by Chris Thorburn.
2:33 of 2nd period - Slapshot by Doug Janik.
2:33 of 2nd period - Stopped by Jacob Markstrom without a rebound.
2:34 of 2nd period - T.J. Hensick wins face-off versus Zack Hamill in Knights zone.
2:45 of 2nd period - Snap shot by Brad Richardson.
2:45 of 2nd period - Shot Misses the Net.
2:47 of 2nd period - Wrist shot by T.J. Hensick.
2:47 of 2nd period - Goal by T.J. Hensick - Demolitions : 1 - Knights : 1.
2:48 of 2nd period - Zack Hamill wins face-off versus Brad Richardson in neutral zone.
3:14 of 2nd period - Penalty to Tyler Seguin is over, Tyler Seguin is back on ice.
3:19 of 2nd period - Penalty to Anton Babchuk is over, Anton Babchuk is back on ice.
3:33 of 2nd period - Snap shot by T.J. Hensick.
3:33 of 2nd period - Deflect By Brad Richardson.
3:33 of 2nd period - Shot Misses the Net.
3:33 of 2nd period - Puck is out of play.
3:34 of 2nd period - Ryan Craig wins face-off versus James Wright in Knights zone.
4:07 of 2nd period - Off-side.
4:08 of 2nd period - Tyler Seguin wins face-off versus Ryan Craig in neutral zone.
4:20 of 2nd period - Minor Penalty to Anton Babchuk for Holding Stick.
4:21 of 2nd period - Zack Hamill wins face-off versus Brad Richardson in Demolitions zone.
5:24 of 2nd period - Zack Hamill is hit by Konstantin Pushkarev and loses puck.
5:41 of 2nd period - Minor Penalty to Kevin Hayes for Cross-checking.
5:42 of 2nd period - Zack Hamill wins face-off versus Brad Richardson in Knights zone.
5:51 of 2nd period - Slapshot by Niklas Hjalmarsson.
5:51 of 2nd period - Stopped by Brent Krahn with a rebound.
5:53 of 2nd period - Snap shot by Alex Chiasson.
5:53 of 2nd period - Deflect By Doug Janik.
5:53 of 2nd period - Shot Misses the Net.
5:53 of 2nd period - Puck is out of play.
5:54 of 2nd period - Brad Richardson wins face-off versus Zack Hamill in Demolitions zone.
5:59 of 2nd period - Niklas Hjalmarsson is hit by T.J. Hensick and loses puck.
6:18 of 2nd period - Niklas Hjalmarsson is hit by Robert Bortuzzo and loses puck.
6:20 of 2nd period - Penalty to Anton Babchuk is over, Anton Babchuk is back on ice.
6:31 of 2nd period - Wrist shot by T.J. Hensick.
6:31 of 2nd period - Goal by T.J. Hensick - Demolitions : 2 - Knights : 1.
6:32 of 2nd period - Ryan Craig wins face-off versus Tyler Seguin in neutral zone.
6:35 of 2nd period - Niklas Hjalmarsson is hit by Anthony Stewart and loses puck.
6:58 of 2nd period - Michael Raffl is hit by Doug Janik and loses puck.
7:07 of 2nd period - Snap shot by T.J. Hensick.
7:07 of 2nd period - Deflect By Zack Hamill.
7:07 of 2nd period - Shot Misses the Net.
7:07 of 2nd period - Puck is out of play.
7:08 of 2nd period - Tyler Seguin wins face-off versus T.J. Hensick in Knights zone.
7:15 of 2nd period - Wrist shot by Chris Thorburn.
7:15 of 2nd period - Shot Blocked by Seth Helgeson.
7:17 of 2nd period - Slapshot by Nikita Nikitin.
7:17 of 2nd period - Stopped by Brent Krahn without a rebound.
7:18 of 2nd period - Tyler Seguin wins face-off versus T.J. Hensick in Demolitions zone.
7:37 of 2nd period - Wrist shot by T.J. Hensick.
7:37 of 2nd period - Stopped by Jacob Markstrom without a rebound.
7:38 of 2nd period - Ryan Craig wins face-off versus Zack Hamill in Knights zone.
8:15 of 2nd period - Snap shot by Brad Richardson.
8:15 of 2nd period - Goal by Brad Richardson - Demolitions : 3 - Knights : 1.
8:15 of 2nd period - Mark Dekanich enters game.
8:16 of 2nd period - T.J. Hensick wins face-off versus Zack Hamill in neutral zone.
8:21 of 2nd period - Wrist shot by Doug Janik.
8:21 of 2nd period - Stopped by Mark Dekanich with a rebound.
8:29 of 2nd period - Slapshot by Zack Hamill.
8:29 of 2nd period - Shot Misses the Net.
8:31 of 2nd period - Slapshot by Alex Chiasson.
8:31 of 2nd period - Deflect By Michael Raffl.
8:31 of 2nd period - Stopped by Brent Krahn with a rebound.
8:46 of 2nd period - Tyler Seguin is hit by Ryan Craig and loses puck.
8:59 of 2nd period - Wrist shot by James Wright.
8:59 of 2nd period - Shot Blocked by Robert Klinkhammer.
9:28 of 2nd period - Doug Janik is hit by Kevin Hayes and loses puck.
9:41 of 2nd period - Snap shot by Jason Chimera.
9:41 of 2nd period - Stopped by Brent Krahn with a rebound.
9:50 of 2nd period - Backhand shot by T.J. Hensick.
9:50 of 2nd period - Goal by T.J. Hensick - Demolitions : 4 - Knights : 1.
9:51 of 2nd period - Zack Hamill wins face-off versus T.J. Hensick in neutral zone.
10:59 of 2nd period - Snap shot by Konstantin Pushkarev.
10:59 of 2nd period - Stopped by Mark Dekanich without a rebound.
11:00 of 2nd period - Joe Colborne wins face-off versus Nicolas Blanchard in Knights zone.
11:05 of 2nd period - Garnet Exelby is hit by Nicolas Blanchard and loses puck.
11:14 of 2nd period - Chris Wideman is hit by Magnus Paajarvi-Svensson and loses puck.
11:50 of 2nd period - Snap shot by Chris Thorburn.
11:50 of 2nd period - Deflect By Tyler Seguin.
11:50 of 2nd period - Stopped by Brent Krahn with a rebound.
11:52 of 2nd period - Slapshot by Garnet Exelby.
11:52 of 2nd period - Stopped by Brent Krahn with a rebound.
11:54 of 2nd period - Snap shot by Tyler Seguin.
11:54 of 2nd period - Stopped by Brent Krahn without a rebound.
11:55 of 2nd period - Ryan Craig wins face-off versus Tyler Seguin in Demolitions zone.
12:09 of 2nd period - Off-side.
12:10 of 2nd period - Zack Hamill wins face-off versus T.J. Hensick in neutral zone.
12:24 of 2nd period - T.J. Hensick is hit by Michael Raffl and loses puck.
12:37 of 2nd period - Doug Janik is hit by Jason Zucker.
12:43 of 2nd period - Snap shot by James Wright.
12:43 of 2nd period - Stopped by Brent Krahn with a rebound.
13:44 of 2nd period - Slapshot by Garnet Exelby.
13:44 of 2nd period - Deflect By Zack Hamill.
13:44 of 2nd period - Stopped by Brent Krahn with a rebound.
14:13 of 2nd period - Minor Penalty to Jason Zucker for Hooking.
14:14 of 2nd period - James Wright wins face-off versus T.J. Hensick in Knights zone.
14:23 of 2nd period - Slapshot by Doug Janik.
14:23 of 2nd period - Shot Misses the Net.
14:25 of 2nd period - Slapshot by Doug Janik.
14:25 of 2nd period - Deflect By Niklas Hjalmarsson.
14:25 of 2nd period - Stopped by Mark Dekanich with a rebound.
14:29 of 2nd period - Backhand shot by Brad Richardson.
14:29 of 2nd period - Shot Blocked by Zbynek Michalek.
15:55 of 2nd period - Garnet Exelby is hit by Anthony Stewart and loses puck.
16:12 of 2nd period - Snap shot by Joe Colborne.
16:12 of 2nd period - Shot Blocked by Doug Janik.
16:13 of 2nd period - Penalty to Jason Zucker is over, Jason Zucker is back on ice.
16:14 of 2nd period - Slapshot by Tomas Kundratek.
16:14 of 2nd period - Shot Blocked by Darren Helm.
16:16 of 2nd period - Slapshot by Jason Zucker.
16:16 of 2nd period - Stopped by Brent Krahn without a rebound.
16:17 of 2nd period - Chris Thorburn wins face-off versus Darren Helm in Demolitions zone.
16:24 of 2nd period - Slapshot by Anssi Salmela.
16:24 of 2nd period - Stopped by Mark Dekanich without a rebound.
16:25 of 2nd period - Darren Helm wins face-off versus Jason Chimera in Knights zone.
16:32 of 2nd period - Snap shot by Robert Klinkhammer.
16:32 of 2nd period - Stopped by Mark Dekanich without a rebound.
16:33 of 2nd period - Tyler Seguin wins face-off versus T.J. Hensick in Knights zone.
16:42 of 2nd period - Snap shot by Brad Richardson.
16:42 of 2nd period - Shot Blocked by Niklas Hjalmarsson.
17:26 of 2nd period - Magnus Paajarvi-Svensson is hit by Spencer Machacek and loses puck.
17:35 of 2nd period - Slapshot by Tomas Kundratek.
17:35 of 2nd period - Shot Misses the Net.
17:37 of 2nd period - Slapshot by Tomas Kundratek.
17:37 of 2nd period - Goal by Tomas Kundratek - Demolitions : 4 - Knights : 2.
17:38 of 2nd period - Zack Hamill wins face-off versus T.J. Hensick in neutral zone.
18:12 of 2nd period - Wrist shot by Bobby Butler.
18:12 of 2nd period - Shot Misses the Net.
18:21 of 2nd period - Icing by Seth Helgeson.
18:22 of 2nd period - Ryan Craig wins face-off versus James Wright in Demolitions zone.
18:32 of 2nd period - Slapshot by Tomas Kundratek.
18:32 of 2nd period - Shot Misses the Net.
18:58 of 2nd period - Snap shot by Robert Klinkhammer.
18:58 of 2nd period - Shot Misses the Net.
19:00 of 2nd period - Slapshot by Seth Helgeson.
19:00 of 2nd period - Stopped by Mark Dekanich without a rebound.
19:01 of 2nd period - Tyler Seguin wins face-off versus Ryan Craig in Knights zone.
19:01 of 2nd period - Tyler Seguin is hit by Bobby Butler.
19:27 of 2nd period - Michael Raffl is hit by Brad Richardson and loses puck.
19:34 of 2nd period - Snap shot by T.J. Hensick.
19:34 of 2nd period - Deflect By Zbynek Michalek.
19:34 of 2nd period - Shot Blocked by Zbynek Michalek.
19:34 of 2nd period - Puck is out of play.
19:35 of 2nd period - T.J. Hensick wins face-off versus Zack Hamill in Knights zone.
Goals for this period are 4 for Demolitions vs 1 for Knights.
Shots for this period are 13 for Demolitions vs 18 for Knights.

3rd period


0:01 of 3rd period - Zack Hamill wins face-off versus T.J. Hensick in neutral zone.
0:31 of 3rd period - Wrist shot by Bobby Butler.
0:31 of 3rd period - Shot Misses the Net.
0:57 of 3rd period - Snap shot by Konstantin Pushkarev.
0:57 of 3rd period - Shot Misses the Net.
0:59 of 3rd period - Wrist shot by Nicolas Blanchard.
0:59 of 3rd period - Shot Misses the Net.
1:01 of 3rd period - Slapshot by Josh Beaulieu.
1:01 of 3rd period - Shot Hit the Post.
1:03 of 3rd period - Wrist shot by Seth Helgeson.
1:03 of 3rd period - Deflect By Konstantin Pushkarev.
1:03 of 3rd period - Shot Misses the Net.
1:03 of 3rd period - Puck is out of play.
1:04 of 3rd period - T.J. Hensick wins face-off versus Zack Hamill in Knights zone.
1:13 of 3rd period - Slapshot by T.J. Hensick.
1:13 of 3rd period - Stopped by Mark Dekanich without a rebound.
1:14 of 3rd period - T.J. Hensick wins face-off versus Alex Chiasson in Knights zone.
1:17 of 3rd period - Snap shot by T.J. Hensick.
1:17 of 3rd period - Stopped by Mark Dekanich with a rebound.
1:19 of 3rd period - Snap shot by Nigel Dawes.
1:19 of 3rd period - Stopped by Mark Dekanich with a rebound.
1:21 of 3rd period - Snap shot by Nigel Dawes.
1:21 of 3rd period - Goal by Nigel Dawes - Demolitions : 5 - Knights : 2.
1:22 of 3rd period - Zack Hamill wins face-off versus T.J. Hensick in neutral zone.
1:25 of 3rd period - Slapshot by Niklas Hjalmarsson.
1:25 of 3rd period - Shot Hit the Post.
1:27 of 3rd period - Slapshot by Niklas Hjalmarsson.
1:27 of 3rd period - Deflect By Alex Chiasson.
1:27 of 3rd period - Shot Blocked by Anton Babchuk.
1:27 of 3rd period - Puck is out of play.
1:28 of 3rd period - T.J. Hensick wins face-off versus Zack Hamill in Demolitions zone.
1:35 of 3rd period - Zack Hamill is hit by Brad Richardson and loses puck.
2:30 of 3rd period - Slapshot by Niklas Hjalmarsson.
2:30 of 3rd period - Stopped by Brent Krahn with a rebound.
2:32 of 3rd period - Slapshot by Alex Chiasson.
2:32 of 3rd period - Stopped by Brent Krahn with a rebound.
2:34 of 3rd period - Wrist shot by Tomas Kundratek.
2:34 of 3rd period - Shot Misses the Net.
2:36 of 3rd period - Slapshot by Alex Chiasson.
2:36 of 3rd period - Stopped by Brent Krahn with a rebound.
2:42 of 3rd period - Wrist shot by Zack Hamill.
2:42 of 3rd period - Stopped by Brent Krahn without a rebound.
2:43 of 3rd period - Ryan Craig wins face-off versus Tyler Seguin in Demolitions zone.
2:52 of 3rd period - Slapshot by Jason Chimera.
2:52 of 3rd period - Shot Blocked by Seth Helgeson.
2:54 of 3rd period - Wrist shot by Chris Thorburn.
2:54 of 3rd period - Stopped by Brent Krahn with a rebound.
2:56 of 3rd period - Slapshot by Tyler Seguin.
2:56 of 3rd period - Shot Misses the Net.
2:58 of 3rd period - Wrist shot by Tyler Seguin.
2:58 of 3rd period - Stopped by Brent Krahn without a rebound.
2:59 of 3rd period - Darren Helm wins face-off versus Jason Zucker in Demolitions zone.
4:09 of 3rd period - Slapshot by Garnet Exelby.
4:09 of 3rd period - Shot Blocked by Doug Janik.
4:11 of 3rd period - Slapshot by James Wright.
4:11 of 3rd period - Stopped by Brent Krahn with a rebound.
4:13 of 3rd period - Slapshot by Garnet Exelby.
4:13 of 3rd period - Stopped by Brent Krahn with a rebound.
4:25 of 3rd period - Bobby Butler is hit by Chris Thorburn and loses puck.
4:40 of 3rd period - Brad Richardson is hit by Zack Hamill and loses puck.
5:07 of 3rd period - Snap shot by Magnus Paajarvi-Svensson.
5:07 of 3rd period - Shot Misses the Net.
6:19 of 3rd period - Backhand shot by Konstantin Pushkarev.
6:19 of 3rd period - Shot Misses the Net.
6:55 of 3rd period - Wrist shot by Brad Richardson.
6:55 of 3rd period - Shot Blocked by Garnet Exelby.
6:57 of 3rd period - Snap shot by T.J. Hensick.
6:57 of 3rd period - Shot Blocked by Garnet Exelby.
7:31 of 3rd period - Magnus Paajarvi-Svensson is hit by Bobby Butler and loses puck.
8:16 of 3rd period - Brad Richardson is hit by Zack Hamill and loses puck.
8:33 of 3rd period - Doug Janik is hit by Jason Zucker and loses puck.
8:55 of 3rd period - Minor Penalty to Anton Babchuk for Roughing.
8:56 of 3rd period - Brad Richardson wins face-off versus Zack Hamill in Demolitions zone.
9:09 of 3rd period - Snap shot by Alex Chiasson.
9:09 of 3rd period - Stopped by Brent Krahn with a rebound.
9:11 of 3rd period - Slapshot by Garnet Exelby.
9:11 of 3rd period - Deflect By Zack Hamill.
9:11 of 3rd period - Shot Misses the Net.
9:11 of 3rd period - Puck is out of play.
9:12 of 3rd period - Brad Richardson wins face-off versus Zack Hamill in Demolitions zone.
9:12 of 3rd period - Brad Richardson is hit by Niklas Hjalmarsson.
10:55 of 3rd period - Penalty to Anton Babchuk is over, Anton Babchuk is back on ice.
11:07 of 3rd period - Icing by Garnet Exelby.
11:08 of 3rd period - Ryan Craig wins face-off versus Chris Thorburn in Knights zone.
11:31 of 3rd period - Garnet Exelby is hit by Darren Helm and loses puck.
11:39 of 3rd period - Minor Penalty to Anssi Salmela for Goalie Interference.
11:40 of 3rd period - Brad Richardson wins face-off versus Tyler Seguin in Demolitions zone.
11:45 of 3rd period - Icing by Kevin Hayes.
11:46 of 3rd period - Tyler Seguin wins face-off versus Brad Richardson in Knights zone.
13:33 of 3rd period - Jason Chimera is hit by Doug Janik and loses puck.
13:38 of 3rd period - Slapshot by Ryan Craig.
13:38 of 3rd period - Shot Blocked by Garnet Exelby.
13:39 of 3rd period - Penalty to Anssi Salmela is over, Anssi Salmela is back on ice.
13:40 of 3rd period - Snap shot by Anthony Stewart.
13:40 of 3rd period - Stopped by Mark Dekanich without a rebound.
13:41 of 3rd period - Darren Helm wins face-off versus James Wright in Knights zone.
13:44 of 3rd period - Slapshot by Doug Janik.
13:44 of 3rd period - Stopped by Mark Dekanich without a rebound.
13:45 of 3rd period - James Wright wins face-off versus Darren Helm in Knights zone.
13:55 of 3rd period - Off-side.
13:56 of 3rd period - Brad Richardson wins face-off versus Zack Hamill in neutral zone.
14:00 of 3rd period - Off-side.
14:01 of 3rd period - Michael Raffl wins face-off versus T.J. Hensick in neutral zone.
14:03 of 3rd period - Minor Penalty to Nikita Nikitin for Hooking.
14:04 of 3rd period - James Wright wins face-off versus T.J. Hensick in Knights zone.
14:12 of 3rd period - Slapshot by James Wright.
14:12 of 3rd period - Deflect By Michael Raffl.
14:12 of 3rd period - Shot Misses the Net.
14:12 of 3rd period - Puck is out of play.
14:13 of 3rd period - James Wright wins face-off versus T.J. Hensick in Demolitions zone.
14:22 of 3rd period - Slapshot by Anton Babchuk.
14:22 of 3rd period - Stopped by Mark Dekanich with a rebound.
14:24 of 3rd period - Wrist shot by Doug Janik.
14:24 of 3rd period - Stopped by Mark Dekanich with a rebound.
14:26 of 3rd period - Slapshot by Doug Janik.
14:26 of 3rd period - Goal by Doug Janik - Demolitions : 6 - Knights : 2.
14:27 of 3rd period - Tyler Seguin wins face-off versus T.J. Hensick in neutral zone.
14:38 of 3rd period - Michael Stone is hit by T.J. Hensick and loses puck.
14:53 of 3rd period - Slapshot by Zack Hamill.
14:53 of 3rd period - Shot Misses the Net.
14:55 of 3rd period - Snap shot by Nikita Nikitin.
14:55 of 3rd period - Stopped by Brent Krahn without a rebound.
14:56 of 3rd period - Ryan Craig wins face-off versus Zack Hamill in Demolitions zone.
14:59 of 3rd period - Snap shot by Alex Chiasson.
14:59 of 3rd period - Stopped by Brent Krahn with a rebound.
15:03 of 3rd period - Slapshot by Zack Hamill.
15:03 of 3rd period - Stopped by Brent Krahn with a rebound.
15:05 of 3rd period - Snap shot by Zack Hamill.
15:05 of 3rd period - Shot Blocked by Seth Helgeson.
15:25 of 3rd period - Snap shot by Jason Chimera.
15:25 of 3rd period - Shot Blocked by Brad Richardson.
15:58 of 3rd period - Slapshot by T.J. Hensick.
15:58 of 3rd period - Shot Misses the Net.
16:00 of 3rd period - Minor Penalty to Joe Colborne for Tripping.
16:01 of 3rd period - Ryan Craig wins face-off versus James Wright in Knights zone.
16:04 of 3rd period - Wrist shot by Anthony Stewart.
16:04 of 3rd period - Shot Misses the Net.
16:06 of 3rd period - Slapshot by Anton Babchuk.
16:06 of 3rd period - Shot Misses the Net.
16:08 of 3rd period - Snap shot by Bobby Butler.
16:08 of 3rd period - Shot Hit the Post.
16:12 of 3rd period - Wrist shot by Ryan Craig.
16:12 of 3rd period - Shot Hit the Post.
16:14 of 3rd period - Slapshot by Anton Babchuk.
16:14 of 3rd period - Stopped by Mark Dekanich with a rebound.
16:16 of 3rd period - Snap shot by Ryan Craig.
16:16 of 3rd period - Stopped by Mark Dekanich with a rebound.
17:46 of 3rd period - Wrist shot by Magnus Paajarvi-Svensson.
17:46 of 3rd period - Shot Misses the Net.
18:00 of 3rd period - Penalty to Joe Colborne is over, Joe Colborne is back on ice.
18:04 of 3rd period - Wrist shot by Zack Hamill.
18:04 of 3rd period - Shot Blocked by Doug Janik.
18:12 of 3rd period - Jason Chimera is hit by Anton Babchuk and loses puck.
18:17 of 3rd period - Snap shot by Spencer Machacek.
18:17 of 3rd period - Stopped by Mark Dekanich with a rebound.
18:28 of 3rd period - Niklas Hjalmarsson is hit by Josh Beaulieu and loses puck.
19:52 of 3rd period - Spencer Machacek is hit by Zbynek Michalek and loses puck.
Goals for this period are 2 for Demolitions vs 0 for Knights.
Shots for this period are 12 for Demolitions vs 12 for Knights.